 Dungeon Crawl Stone Soup version 0.31-a0-1176-gb7303255ee (webtiles) character file.

Game seed: 14412124964700634245

43 HopperZumper the Conjurer (level 3, -1/19 HPs)
             Began as a Deep Elf Conjurer on Dec 11, 2023.
             Slain by Crazy Yiuf
             ... wielding a +3 quarterstaff of chaos
              (8 damage)
             ... on level 2 of the Dungeon.
             The game lasted 00:10:09 (1587 turns).

HopperZumper the Conjurer (Deep Elf Conjurer)       Turns: 1587, Time: 00:10:10

Health: -1/19      AC:  2    Str:  4    XL:     3   Next: 37%
Magic:  8/10       EV: 12    Int: 24    God:
Gold:   75         SH:  0    Dex: 13    Spells: 8/9 levels left

rFire   . . .        b - +0 short sword
rCold   . . .        (no shield)
rNeg    . . .        a - +0 robe
rPois   .            (no helmet)
rElec   .            (no cloak)
rCorr   .            (no gloves)
SInv    .            (no boots)
Will    .....        (no amulet)
Stlth   ++           (no ring)
HPRegen 0.23/turn    (no ring)
MPRegen 0.12/turn

%: no passive effects
@: no status effects
A: no striking features
a: no special abilities


You were on level 2 of the Dungeon.
You visited 1 branch of the dungeon, and saw 2 of its levels.

You collected 75 gold pieces.

Inventory:

Hand Weapons
 b - a +0 short sword (weapon)
Missiles
 m - 6 poisoned darts
Armour
 a - a +0 robe (worn)
Scrolls
 c - a scroll of enchant armour {unknown}
 d - 2 scrolls of identify {unknown}
 e - a scroll of fog {unknown}
 f - a scroll of enchant weapon {unknown}
 g - 2 scrolls of fear {unknown}
 n - a scroll of vulnerability {unknown}
 o - a scroll of noise {unknown}
Potions
 h - 2 potions of might {unknown}
 i - 2 potions of haste {unknown}
 j - a potion of ambrosia {unknown}
 k - a potion of resistance {unknown}
 l - 3 potions of curing {unknown}


   Skills:
 + Level 0.1 Fighting
 + Level 2.7 Dodging
 + Level 2.6 Stealth
 + Level 3.5 Spellcasting
 + Level 5.2 Conjurations


You had 8 spell levels left.
You knew the following spells:

 Your Spells              Type           Power      Damage    Failure   Level
a - Magic Dart            Conj           100%       1d8       1%          1

Your spell library contained the following spells:

 Spells                   Type           Power      Damage    Failure   Level
 Searing Ray              Conj           58%        2d6       1%          2
 Dazzling Flash           Conj/Hex       32%        N/A       11%         3
 Fulminant Prism          Conj/Hex       8%         3d6       34%         4
 Iskenderun's Mystic Bla  Conj/Tloc      16%        2d5       34%         4


Dungeon Overview and Level Annotations

Branches:
Dungeon (2/15)

Altars:

Shops:
D:1 [   D:2 !

Annotations:
D:2 Crazy Yiuf


Message History

You feel sick.
You feel sick.
You feel sick.
You feel sick.
You are no longer poisoned.
Magic restored.
You open the door.
There is an open door here.
Found a hammer.
Found a hammer.
Found a runed translucent door.
You see here a +0 hammer.
Found a hammer.
Crazy Yiuf shouts!
As you open the door, it creaks loudly!
Crazy Yiuf hits you with a +3 quarterstaff of chaos.
Crazy Yiuf burns you.
There is an open translucent door here.
Aiming: Magic Dart (safe; 1% risk of failure)
Press: ? - help, Q - select action, (/) - cycle Shift-Dir - straight line, f - Crazy Yiuf
Aim: Crazy Yiuf, wielding a +3 quarterstaff of chaos and wearing a +0 cloak (100% to hit)
The magic dart hits Crazy Yiuf but does no damage.
Crazy Yiuf cries, "Proton!
Blight cloud ragdoll."
Crazy Yiuf misses you.
You hit Crazy Yiuf.
Crazy Yiuf is lightly wounded.
Crazy Yiuf barely misses you.
Aiming: Magic Dart (safe; 1% risk of failure)
Press: ? - help, Q - select action, (/) - cycle Shift-Dir - straight line, f/p - Crazy Yiuf
Aim: Crazy Yiuf, wielding a +3 quarterstaff of chaos and wearing a +0 cloak (lightly wounded, 100% to hit)
The magic dart hits Crazy Yiuf.
Crazy Yiuf is lightly wounded.
Crazy Yiuf hits you with a +3 quarterstaff of chaos!
Crazy Yiuf freezes you.
You completely miss Crazy Yiuf.
Crazy Yiuf is lightly wounded.
Crazy Yiuf misses you.
You hit Crazy Yiuf.
Crazy Yiuf is moderately wounded.
Crazy Yiuf hits you with a +3 quarterstaff of chaos!
You die...

######.# #..........#
#.#####..<.......#
#................#
##################
### ##.# # ##..####
#### # ##...#..##
###..)#
###........####.@g..#
..'.........#..##)..#
###....#...#)### ####
# ##...####### #
##..# # ##.# #######+
..... ####.


You could see Crazy Yiuf.

Vanquished Creatures
  An adder (D:2)
  3 dart slugs (D:1)
  2 ball pythons
  3 endoplasms
  2 giant cockroaches
  A goblin (D:2)
  A hobgoblin (D:2)
  2 jackals (D:1)
  5 kobolds
  3 bats (D:1)
  2 rats (D:1)
25 creatures vanquished.

Notes
Turn   | Place    | Note
-------+----------+-------------------------------------------
     0 | D:1      | HopperZumper the Deep Elf Conjurer began the quest for the
                  | Orb.
     0 | D:1      | Reached XP level 1. HP: 10/10 MP: 6/6
   331 | D:1      | Reached XP level 2. HP: 15/15 MP: 2/8
   481 | D:1      | Reached skill level 5 in Conjurations
   910 | D:1      | Found Haugh's Antique Armour Shoppe.
  1048 | D:2      | Found Aligut's Distillery.
  1130 | D:2      | Reached XP level 3. HP: 15/19 MP: 6/9
  1577 | D:2      | Found a runed translucent door.
  1578 | D:2      | Noticed Crazy Yiuf
  1587 | D:2      | Slain by Crazy Yiuf

Illustrated notes

Levels and vault maps discovered:
D:1:      dpeg_arrival_round_a, layout_basic, serial_shops, shop,
          minmay_misc_feat_more_columns
D:2:      layout_loops_corners, serial_shops, nicolae_shop_industrial_runoff,
          uniq_crazy_yiuf_cottage

Skill      XL: |  1  2 |
---------------+-------+-----
Conjurations   | 5 |  5.2
Fighting       | |  0.1
Dodging        | |  2.7
Stealth        | |  2.6
Spellcasting   | |  3.5

Action                     || total
---------------------------++-------
  Melee: Unarmed           ||     4
         Short sword       ||    25
         Punch             ||     1
   Cast: Magic Dart        ||    49
    Use: Potion            ||     1
 Armour: Robe              ||    43
  Dodge: Dodged            ||    59

Table legend: (Time is in decaauts)
 A = Elapsed time spent in this place.
 B = Non-inter-level travel time spent in this place.
 C = Inter-level travel time spent in this place.
 D = Time resting spent in this place.
 E = Time spent auto-exploring this place.
 F = Levels seen in this place.
 G = Mean time per level.
                   A        B        C        D        E       F      G
               +--------+--------+--------+--------+--------+-----+--------+
         Total |   1587 |   1452 |    135 |      0 |      0 |   2 |  793.5 |
       Dungeon |   1587 |   1452 |    135 |      0 |      0 |   2 |  793.5 |
               +--------+--------+--------+--------+--------+-----+--------+

Top non-repeatable levels by time:
     D:1: 1016 daAuts
     D:2: 570 daAuts
